AoeStats
← naphtaligrauer16

Northern Isles

510718071Analyzed
1v1 RM · 15h ago on Oct 2, 2026· 22m 18s· 2 players
Game mode
Random Map
Map size
Tiny (2 player)
Population
200
Speed
Normal
Resources
Standard
Victory
Conquest
Starting age
Dark Age
Ending age
Imperial Age
RankedLock teamsTeams togetherTeam positionsShared explorationLock speedFull tech treeHidden civsTurbo modeCheats
Victory
Defeat
🇪🇸 Teutons · Spain
1520
+15
🇩🇪 Turks · Germany
1500
-15
naphtaligrauer16
8:05 Loom
10:17 Feudal Age
13:22 Wheelbarrow
12:42 Fletching
22:44 Castle Age
Caesar_Augusto
4:22 Loom
9:29 Feudal Age
9:56 Double-Bit Axe
16:13 Wheelbarrow
17:41 Gold Mining
19:09 Fletching
22:11 Castle Age
21:17 Fishing Lines
22:05 Town Watch
23:02 Medium Warships
22:49 Bodkin Arrow
Connection lost

Rejoining the realm…

Still unreachable

The connection could not be restored.

Session expired

The server has moved on; the page needs a fresh start.